 Dungeon Crawl Stone Soup version 0.30-b1-2-g02819fbbbe (webtiles) character file.

Game seed: 13012628778684736463

(classic levelgen) 124 EnegeticOcto the Trooper (level 4, -1/41 HPs)
             Began as a Minotaur Fighter on May 21, 2023.
             Slain by an orc priest
             ... wielding a +0 hand axe
              (6 damage)
             ... on level 4 of the Dungeon.
             The game lasted 00:01:15 (2592 turns).

EnegeticOcto the Trooper (Minotaur Fighter)         Turns: 2592, Time: 00:01:15

Health: -1/41      AC:  9    Str: 22    XL:     4   Next: 81%
Magic:  3/3        EV:  9    Int:  5    God:
Gold:   104        SH:  4    Dex: 10    Spells: 3/3 levels left

rFire   . . .        a - +0 war axe
rCold   . . .        c - +0 buckler
rNeg    . . .        b - +0 scale mail
rPois   .            (helmet restricted)
rElec   .            n - +0 cloak
rCorr   .            s - +0 pair of gloves
SInv    .            (no boots)
Will    .....        (no amulet) Stlth
                     (no ring)
HPRegen 0.26/turn    (no ring)
MPRegen 0.08/turn

%: no passive effects
@: no status effects
A: horns 2, retaliatory headbutt
a: no special abilities


You were on level 4 of the Dungeon.
You visited 1 branch of the dungeon, and saw 4 of its levels.

You collected 104 gold pieces.

Inventory:

Hand Weapons
 a - a +0 war axe (weapon)
Missiles
 p - a throwing net (quivered)
Armour
 b - a +0 scale mail (worn)
 c - a +0 buckler (worn)
 n - a +0 cloak (worn)
   (You found it on level 1 of the Dungeon)
 s - a +0 pair of gloves (worn)
   (You found it on level 2 of the Dungeon)
Jewellery
 u - a ring of magical power
   (You found it on level 2 of the Dungeon)
Scrolls
 f - a scroll of blinking {unknown}
 h - 2 scrolls of vulnerability {unknown}
 j - a scroll of immolation {unknown}
 k - 4 scrolls of identify {unknown}
 o - a scroll of silence {unknown}
 r - 2 scrolls of fear {unknown}
 t - a scroll of poison {unknown}
 w - a scroll of butterflies {unknown}
 x - a scroll of fog {unknown}
 y - a scroll of magic mapping {unknown}
Potions
 d - 3 potions of might {@q3}
 e - a potion of flight {unknown}
 g - 2 potions of haste {unknown}
 i - 2 potions of ambrosia {unknown}
 l - 3 potions of attraction {unknown}
 m - 4 potions of curing {unknown}
 q - a potion of mutation {unknown}
 v - a potion of invisibility {unknown}


   Skills:
 + Level 4.4 Fighting
 * Level 4.3 Axes
 + Level 4.4 Armour
 + Level 4.4 Shields


You had 3 spell levels left.
You didn't know any spells.
Your spell library was empty.

Dungeon Overview and Level Annotations

Branches:
Dungeon (4/15)
 Temple: D:4-7

Altars:
Elyvilon


Innate Abilities, Weirdness & Mutations

You have a pair of horns on your head.
You reflexively headbutt those who attack you in melee.


Message History

No target in view!
No target in view!
No target in view!
No target in view!
You see here a +0 whip.
There is a stone staircase leading up here.
Done exploring.
Done exploring.
Done exploring.
Done exploring.
No target in view!
No target in view!
No target in view!
No target in view!
Done exploring.
Done exploring.
(D) Dungeon
Where to? (Enter - D:3, ? - help)
There is a stone staircase leading down here.
You climb downwards.
The endoplasm quivers.
Found a scale mail.
There is a stone staircase leading up here.
An endoplasm is nearby!
An endoplasm is nearby!
An endoplasm is nearby!
An endoplasm is nearby!
You slash the endoplasm!
You kill the endoplasm!
No target in view!
No target in view!
No target in view!
No target in view!
An orc priest comes into view. It is wielding a +0 club.
The orc priest shouts!
The orc priest calls down the wrath of Beogh upon you.
Beogh smites you!
You hear a shout!
An orc priest is nearby!
An orc priest is nearby!
An orc and an orc priest come into view.
The orc shouts!
The orc priest shouts!
An orc comes into view. It is wielding a +0 trident.
The orc shouts!
An orc comes into view. It is wielding a +0 hand axe.
A sleepcap comes into view.
You block the orc priest's attack.
You closely miss the orc priest. You block the orc priest's attack.
You closely miss the orc priest.
The orc priest hits you but does no damage.
The orc priest barely misses you.
You barely miss the orc priest. The orc priest barely misses you.
There are monsters nearby!
There are monsters nearby!
There are monsters nearby!
You slash the orc priest! Your headbutt misses the orc priest.
The orc priest is heavily wounded.
You closely miss the orc.
The orc priest looks encouraged for a moment.
The orc priest calls down the wrath of Beogh upon you.
Beogh smites you! The orc hits you but does no damage.
You barely miss the orc. Your headbutt misses the orc.
The orc hits you but does no damage.
You slash the orc!
You kill the orc!
You completely miss the orc priest.
The orc priest is heavily wounded.
The orc priest looks encouraged for a moment.
The orc closely misses you.
The orc priest hits you but does no damage.
The orc hits you but does no damage.
The orc priest invokes the aid of Beogh against you.
Beogh smites you!
* * * LOW HITPOINT WARNING * * *
You are too injured to fight recklessly!
You are too injured to fight recklessly!
You are too injured to fight recklessly!
You are too injured to fight recklessly!
You are too injured to fight recklessly!
You are too injured to fight recklessly!
You are too injured to fight recklessly!
You are too injured to fight recklessly!
You hit the orc priest.
The orc priest is severely wounded.
The orc priest misses you.
The orc hits you from afar with a +0 trident.
* * * LOW HITPOINT WARNING * * *
You hit the orc priest.
You kill the orc priest!
The orc hits you but does no damage.
Found a stone staircase leading down.
You block the orc's attack.
Things that are here:
a +0 club; a +0 club; an orc corpse You slash the orc!
You kill the orc!
The orc priest barely misses you.
You closely miss the orc priest. You headbutt the orc priest.
The orc priest is moderately wounded.
The orc priest hits you with a +0 hand axe.
You die...

..............#
...........#..#
..............# #
...........#.###.#
........<#.......#
.#...###.#.##.####
#.. ..#.##.# ##
.###.##.# ..
..##@# ## ####o#


.of ..... ....... ......... #......###. #....>.# .# You could see a sleepcap, an
orc priest and an orc.

Vanquished Creatures
  An orc priest (D:4)
  3 adders
  A worm (D:3)
  A dart slug (D:2)
  2 orcs (D:4)
  6 ball pythons
  7 endoplasms
  2 giant cockroaches
  3 goblins
  6 hobgoblins
  4 jackals (D:1)
  4 kobolds
  3 quokkas
  6 frilled lizards
  10 rats
59 creatures vanquished.

Notes
Turn   | Place    | Note
-------+----------+-------------------------------------------
     0 | D:1      | EnegeticOcto the Minotaur Fighter began the quest for the
                  | Orb.
     0 | D:1      | Reached XP level 1. HP: 19/19 MP: 0/0
   215 | D:1      | Reached XP level 2. HP: 27/27 MP: 1/1
   718 | D:1      | Reached XP level 3. HP: 33/33 MP: 2/2
  1494 | D:2      | Reached XP level 4. HP: 37/40 MP: 3/3
  1546 | D:2      | Found a faded altar of an unknown god.
  2357 | D:3      | Found a white marble altar of Elyvilon.
  2592 | D:4      | Slain by an orc priest

Illustrated notes

Levels and vault maps discovered:
D:1:      onia_arrival_pyramid, layout_loops_corners, solitary_fountain
D:2:      layout_basic, shapermc_ecumenical_altar_mp_vishouse,
          grunt_ministairs_1, minmay_misc_feat_room
D:3:      layout_loops_ring, mainiacjoe_overflow_alcove_2,
          minmay_misc_feat_tower, due_unseen_surprise
D:4:      layout_basic, mainiacjoe_overflow_six_doors_small, trog_book,
          nicolae_shop_dragon_depot

Skill      XL: |  1  2  3  4 |
---------------+-------------+-----
Axes           | 3 4 |  4.3
Armour         | 4 |  4.4
Shields        | 4 |  4.4
Fighting       | 4 |  4.4

Action                     |  1- 3 |  4- 6 || total
---------------------------+-------+-------++-------
  Melee: War axe           |    84 |    32 ||   116
         Headbutt          |     8 |     3 ||    11
 Armour: Scale mail        |    44 |    15 ||    59
  Dodge: Dodged            |    33 |    13 ||    46
  Block: Buckler           |    20 |     6 ||    26
